 Dungeon Crawl Stone Soup version 0.20-a0-441-g89e74e4 (webtiles) character file.

503667 Kriby the Sorcerer (level 24, 0/157 HPs)
             Began as a Mummy Fire Elementalist on Jan 5, 2017.
             Was a High Priest of Sif Muna.
             Slain by a deep troll (17 damage)
             ... on level 1 of the Depths on Jan 6, 2017.
             The game lasted 05:10:43 (112710 turns).

Kriby the Sorcerer (Mummy Fire Elementalist)      Turns: 112710, Time: 05:10:44

Health: 0/157      AC: 16    Str: 17    XL:     24   Next: 9%
Magic:  4/48       EV: 17    Int: 28    God:    Sif Muna [*****.]
Gold:   5028       SH: 11    Dex: 17    Spells: 8/66 levels left

rFire  + + .     SeeInvis +     a - staff of wizardry
rCold  . . .     Gourm    .     P - +1 robe {rF+}
rNeg   + + +     Faith    .     S - +2 buckler
rPois  ∞         Spirit   .     p - +2 helmet {SInv}
rElec  .         Reflect  +     l - +2 cloak of Happy Babbling {rN+ Str+6}
rCorr  .         Harm     .     g - +3 pair of gauntlets of War {Slay+5}
MR     +++..                    O - +2 pair of boots {run}
Stlth  ++........               r - +4 amulet of reflection
                                e - ring of Viuvamak {rF+ rN+ Int+4}
                                n - ring of Coveow {Fire rPois rN+ Dex+3}

@: deflect missiles, quick
A: no food or potions, fire vulnerability, cold resistance 1, negative energy
resistance 3, torment resistance, unbreathing, in touch with death 1
}: 2/15 runes: decaying, gossamer
a: Divine Energy, Channel Magic, Forget Spell, Renounce Religion


You were on level 1 of the Depths.
You worshipped Sif Muna.
Sif Muna was extremely pleased with you.
You were not hungry.

You visited 9 branches of the dungeon, and saw 42 of its levels.
You visited the Abyss 1 time.
You also visited: Volcano.

You collected 6648 gold pieces.
You spent 1620 gold pieces at shops.

Inventory:

Hand Weapons
 c - a +3 demon whip of electrocution
Armour
 g - the +3 pair of gauntlets of War (worn) {Slay+5}
   (You acquired it on level 2 of the Elven Halls)

   It affects your accuracy and damage with ranged weapons and melee attacks
   (+5).
 l - the +2 cloak of Happy Babbling (worn) {rN+ Str+6}
   (You found it on level 3 of the Elven Halls)

   It affects your strength (+6).
   It protects you from negative energy.
 p - a +2 helmet of see invisible (worn)
 F - a +2 robe of magic resistance
 O - a +2 pair of boots of running (worn)
 P - a +1 robe of fire resistance (worn)
 S - a +2 buckler (worn)
Magical Staves
 a - an uncursed staff of wizardry (weapon)
 b - an uncursed staff of energy
Jewellery
 e - the ring of Viuvamak (right hand) {rF+ rN+ Int+4}
   (You took it off a vampire knight on level 3 of the Crypt)

   [ring of positive energy]

   It affects your intelligence (+4).
   It protects you from fire.
   It protects you from negative energy.
 n - the ring of Coveow (left hand) {Fire rPois rN+ Dex+3}
   (You bought it in a shop on level 2 of the Elven Halls)

   [ring of fire]

   It enhances your fire magic.
   It affects your dexterity (+3).
   It protects you from fire.
   It makes you vulnerable to cold.
   It protects you from poison.
   It protects you from negative energy.
 r - a +4 amulet of reflection (around neck)
 t - a +5 ring of protection
 A - the ring of Qolaup {rCorr rPois}
   (You acquired it on level 3 of the Elven Halls)

   [ring of resist corrosion]

   It protects you from poison.
 H - an uncursed ring of flight
Wands
 y - a wand of acid (5/15)
 L - a wand of acid (8/15)
 R - a wand of acid (8/15)
Scrolls
 d - 3 scrolls of fog
 h - 5 scrolls of enchant weapon
 j - 3 scrolls of fear
 k - 11 scrolls of remove curse
 q - 11 scrolls of identify
 u - a scroll of torment
 D - 6 scrolls of magic mapping
 E - 8 scrolls of immolation
 J - 2 scrolls of summoning
 K - 2 scrolls of blinking
 Q - 4 scrolls of teleportation
 T - 3 scrolls of amnesia
 U - 2 scrolls of brand weapon
 W - 6 scrolls of recharging
Books
 f - Sif Muna's Catalogue of the Assistive Mountains
   (Sif Muna gifted it to you on level 15 of the Dungeon)

   Spells                             Type                      Level
   a - Stone Arrow                    Conjuration/Earth            3
   b - Ring of Flames                 Charms/Fire                  7
   c - Lehudib's Crystal Spear        Conjuration/Earth            8
   d - Shatter                        Earth                        9
 i - Ript's Handbook of the Enchanting Frostbite
   (Sif Muna gifted it to you on level 2 of the Swamp)

   Spells                             Type                      Level
   a - Corona                         Hexes                        1
   b - Ensorcelled Hibernation        Hexes/Ice                    2
   c - Confuse                        Hexes                        3
   d - Fulminant Prism                Conjuration/Hexes            4
   e - Metabolic Englaciation         Hexes/Ice                    5
   f - Bolt of Cold                   Conjuration/Ice              6
   g - Ozocubu's Refrigeration        Ice                          6
   h - Glaciate                       Conjuration/Ice              9
 o - Sif Muna's Incunabulum of Cloudy Displacement
   (Sif Muna gifted it to you on level 9 of the Dungeon)

   Spells                             Type                      Level
   a - Blink                          Translocation                2
   b - Airstrike                      Air                          4
   c - Summon Lightning Spire         Summoning/Air                4
   d - Dispersal                      Translocation                6
   e - Disjunction                    Translocation                8
 s - Sif Muna's Handbook of Air and Boosts
   (Sif Muna gifted it to you on level 2 of the Elven Halls)

   Spells                             Type                      Level
   a - Infusion                       Charms                       1
   b - Mephitic Cloud                 Conjuration/Poison/Air       3
   c - Iskenderun's Battlesphere      Conjuration/Charms           5
   d - Ring of Flames                 Charms/Fire                  7
   e - Chain Lightning                Conjuration/Air              8
 v - Xierafu's Guide on Summoning and Confrontation
   (You found it on level 2 of the Vaults)

   Spells                             Type                      Level
   a - Summon Butterflies             Summoning                    1
   b - Conjure Flame                  Conjuration/Fire             3
   c - Summon Mana Viper              Hexes/Summoning              5
   d - Summon Forest                  Summoning/Translocation      5
   e - Bolt of Cold                   Conjuration/Ice              6
 x - Sif Muna's Papyrus of Feathers
   (Sif Muna gifted it to you on level 3 of the Elven Halls)

   Spells                             Type                      Level
   a - Repel Missiles                 Charms/Air                   2
   b - Swiftness                      Charms/Air                   2
   c - Lightning Bolt                 Conjuration/Air              5
   d - Chain Lightning                Conjuration/Air              8
   e - Tornado                        Air                          9
 B - Kusu's Reference Book on Hurtful Weightlessness
   (Sif Muna gifted it to you on level 11 of the Dungeon)

   Spells                             Type                      Level
   a - Searing Ray                    Conjuration                  2
   b - Mephitic Cloud                 Conjuration/Poison/Air       3
   c - Iron Shot                      Conjuration/Earth            6
   d - Lehudib's Crystal Spear        Conjuration/Earth            8
 C - a book of the Warp

   Spells                             Type                      Level
   a - Gell's Gravitas                Hexes/Translocation          3
   b - Portal Projectile              Translocation                3
   c - Force Lance                    Conjuration/Translocation    4
   d - Dispersal                      Translocation                6
   e - Controlled Blink               Translocation                8
   f - Disjunction                    Translocation                8
 G - a book of Spatial Translocations

   Spells                             Type                      Level
   a - Blink                          Translocation                2
   b - Shroud of Golubria             Charms/Translocation         2
   c - Lesser Beckoning               Translocation                3
   d - Portal Projectile              Translocation                3
   e - Teleport Other                 Translocation                3
   f - Passage of Golubria            Translocation                4
 I - a Fen Folio

   Spells                             Type                      Level
   a - Corpse Rot                     Necromancy                   2
   b - Stone Arrow                    Conjuration/Earth            3
   c - Leda's Liquefaction            Hexes/Earth                  4
   d - Summon Forest                  Summoning/Translocation      5
   e - Hydra Form                     Transmutation                6
   f - Summon Hydra                   Summoning                    7
 N - a book of the Earth

   Spells                             Type                      Level
   a - Leda's Liquefaction            Hexes/Earth                  4
   b - Bolt of Magma                  Conjuration/Fire/Earth       5
   c - Statue Form                    Transmutation/Earth          6
   d - Iron Shot                      Conjuration/Earth            6
   e - Shatter                        Earth                        9
 V - Sif Muna's Guide on Execration and the Arsonist
   (Sif Muna gifted it to you on level 2 of the Swamp)

   Spells                             Type                      Level
   a - Confusing Touch                Hexes                        1
   b - Conjure Flame                  Conjuration/Fire             3
   c - Ignite Poison                  Fire/Transmutation/Poison    3
   d - Tukima's Dance                 Hexes                        3
   e - Gell's Gravitas                Hexes/Translocation          3
   f - Invisibility                   Hexes                        6
 X - Sif Muna's Reference Book on Unholy Rites and Air
   (Sif Muna gifted it to you on level 1 of the Vaults)

   Spells                             Type                      Level
   a - Shock                          Conjuration/Air              1
   b - Mephitic Cloud                 Conjuration/Poison/Air       3
   c - Lightning Bolt                 Conjuration/Air              5
   d - Conjure Ball Lightning         Conjuration/Air              6
   e - Infestation                    Necromancy                   8
 Y - Sif Muna's Collected Works on Arcane Weapons
   (Sif Muna gifted it to you on level 3 of the Swamp)

   Spells                             Type                      Level
   a - Flame Tongue                   Conjuration/Fire             1
   b - Poison Arrow                   Conjuration/Poison           6
   c - Bolt of Fire                   Conjuration/Fire             6
 Z - a book of Unlife

   Spells                             Type                      Level
   a - Recall                         Summoning/Translocation      3
   b - Animate Dead                   Necromancy                   4
   c - Control Undead                 Necromancy                   4
   d - Cigotuvi's Embrace             Necromancy                   5
   e - Death Channel                  Necromancy                   6
   f - Simulacrum                     Ice/Necromancy               6
Miscellaneous
 m - a lamp of fire
 w - 6 boxes of beasts
 z - a crystal ball of energy
 M - a fan of gales


   Skills:
 - Level 5.5 Fighting
   Level 0.8 Short Blades
 - Level 7.7 Dodging
 - Level 1.5 Stealth
 - Level 4.0 Shields
 - Level 21.8 Spellcasting
 + Level 20.3 Conjurations
 - Level 7.0 Charms
 - Level 4.3 Necromancy
 - Level 1.3 Translocations
 + Level 20.4 Fire Magic
 - Level 7.3 Air Magic
 - Level 3.1 Earth Magic
 - Level 4.6 Invocations
 - Level 2.0 Evocations


You had 8 spell levels left.
You knew the following spells:

 Your Spells              Type           Power        Failure   Level  Hunger
a - Flame Tongue          Conj/Fire      #####        0%          1    N/A
b - Conjure Flame         Conj/Fire      ########     0%          3    N/A
c - Sticky Flame          Conj/Fire      ########     0%          4    N/A
d - Throw Flame           Conj/Fire      ######       0%          2    N/A
e - Fireball              Conj/Fire      ########..   0%          5    N/A
f - Bolt of Magma         Conj/Fire/Erth ########..   1%          5    N/A
g - Poisonous Cloud       Conj/Pois/Air  ######....   1%          5    N/A
i - Delayed Fireball      Conj/Fire      N/A          1%          7    N/A
j - Fire Storm            Conj/Fire      ########..   12%         9    N/A
k - Orb of Destruction    Conj           #######...   1%          7    N/A
l - Ignite Poison         Fire/Tmut/Pois #######.     1%          3    N/A
Q - Animate Dead          Necr           N/A          1%          4    N/A
R - Deflect Missiles      Chrm/Air       ######....   4%          6    N/A
T - Blink                 Tloc           N/A          1%          2    N/A

Dungeon Overview and Level Annotations

Branches:
Dungeon (15/15)            Temple (0/1) D:6            Lair (6/6) D:9
  Swamp (4/4) Lair:4       Spider (4/4) Lair:2        Slime (0/5) Lair:6
    Orc (2/2) D:9             Elf (3/3) Orc:2        Vaults (4/5) D:13
  Crypt (3/3) Vaults:2       Tomb (0/3) Crypt:3      Depths (1/5) D:15

Altars:
Ashenzari
Dithmenos
Elyvilon
Hepliaklqana
Kikubaaqudgha
Makhleb
Ru
Sif Muna
Xom
The Shining One
Beogh
Jiyva

Shops:
D:10 =   D:14 *   Orc:2 }([[   Elf:2 =}=   Elf:3 *   Vaults:4 (

Annotations:
D:15 exclusion: 4 doors


Innate Abilities, Weirdness & Mutations

You do not eat or drink.
Your flesh is vulnerable to fire.
You are immune to poison.
Your flesh is cold resistant. (rC+)
You are immune to negative energy. (rN+++)
You are immune to unholy pain and torment.
You can survive without breathing.
You are in touch with the powers of death.


Message History

The slime creature is engulfed in roaring flames.
Casting: Bolt of Magma
Confirm with . or Enter, or press ? or * to list all spells.
Aiming: Bolt of Magma
Press: ? - help, Shift-Dir - straight line, f - deep troll
Aim: a deep troll (heavily wounded, fast, unusually strong)
You feel a surge of power!
The bolt of magma misses the deep troll.
The deep troll bites you. The deep troll barely misses you.
The deep troll claws you! The deep troll bites you!!
You block the deep troll's attack. The deep troll claws you.
* * * LOW HITPOINT WARNING * * *
The deep troll barely misses you. The deep troll closely misses you.
The deep troll claws you!
* * * LOW HITPOINT WARNING * * *
The iron troll is engulfed in roaring flames.
The deep troll bites you!!
* * * LOW HITPOINT WARNING * * *
The deep troll claws you!
You die...

.. ....
.....###.#####
.........#...##
........##..#.#
.......(..(...#.#
≈≈....)........#####
≈≈.. #.........##.<#
≈≈..###........T@#..#
≈≈...#....((..J##..##
≈≈......§.....(#####
..........:....#
...............#
.......(T§...###
..............#
.....>.##§#####
......##.##


You could see a slime creature and a deep troll.

Vanquished Creatures
  Mara (Elf:3)
  An ancient lich (Crypt:3)
  Bai Suzhen (Swamp:3)
  Frederick (Vaults:2)
  Nikola (Swamp:4)
  A bone dragon (Crypt:3)
  Arachne (Spider:4)
  3 liches
  Jorgrun (Vaults:1)
  2 deep elf blademasters (Elf:3)
  A sphinx (Vaults:4)
  A titan (Vaults:3)
  2 deep elf master archers (Elf:3)
  6 thorn hunters
  Roxanne (Elf:3)
  A storm dragon (Vaults:2)
  A tentacled starspawn (Abyss:4)
  4 ancient champions
  3 tengu reavers
  Donald (Swamp:4)
  Kirke (Spider:4)
  A fire giant (D:15)
  3 revenants
  4 deep elf sorcerers (Elf:3)
  2 frost giants (Vaults:2)
  11 vault wardens
  5 ghost moths
  A curse skull (Crypt:2)
  6 emperor scorpions (Spider:4)
  4 orc warlords
  The ghost of lupus83 the Severer, a journeyman HOFi of Okawaru (Orc:2)
  5 deep elf elementalists (Elf:3)
  9 ghouls
  3 very ugly things
  2 reapers
  6 war gargoyles
  A juggernaut skeleton (Crypt:1)
  4 entropy weavers
  4 stone giants
  9 ironheart preservers
  9 vampire knights
  A dire elephant (Lair:6)
  2 spark wasps
  4 deep elf demonologists
  9 deep elf annihilators
  7 ettins
  4 crystal guardians
  14 deep elf death magi
  A quicksilver dragon zombie (Crypt:3)
  Snorg (D:10)
  4 jiangshi (Crypt:1)
  4 deep elf high priests
  8 eidola
  2 great orbs of eyes
  4 fire dragons
  4 ice dragons
  A great orb of eyes (shapeshifter) (Elf:1)
  10 yaktaur captains
  Fannar (Orc:1)
  A rakshasa (Vaults:3)
  6 vault guards
  23 hydras
  2 ghost crabs
  Erica (D:9)
  13 alligators
  13 centaur warriors
  26 two-headed ogres
  39 dancing weapons
  8 death knights
  5 deep troll shamans
  10 ogre magi
  3 death yaks (Lair:4)
  A queen ant (Lair:3)
  2 tengu warriors
  2 thrashing horrors (Abyss:4)
  3 deep troll earth magi
  4 orc high priests
  8 vampire magi
  6 soul eaters
  Sonja (Lair:2)
  Nergalle (Lair:3)
  2 golden dragon zombies
  37 deep elf knights
  A fire crab (D:15)
  6 hell knights (Crypt:3)
  2 shadow wraiths
  32 skeletal warriors
  7 deep trolls
  A glowing orange brain (Vaults:2)
  7 flayed ghosts
  10 swamp dragons
  A ghost moth zombie (Crypt:1)
  6 unseen horrors
  2 shambling mangroves
  An entropy weaver zombie (Crypt:1)
  7 phantasmal warriors (Crypt:1)
  25 deep elf archers
  9 ironbrand convokers
  A lindwurm (shapeshifter) (D:15)
  15 harpies
  11 orc knights
  2 wolf spider zombies (Crypt:3)
  4 wizards
  A shadow dragon zombie (Crypt:2)
  17 necromancers
  A stone giant zombie (Crypt:2)
  A golden dragon skeleton (Crypt:2)
  13 orb spiders
  6 orc sorcerers
  A harpy (shapeshifter) (D:15)
  27 ugly things
  5 manticores
  2 fire giant zombies
  A shadow dragon skeleton (Crypt:3)
  68 deep elf magi
  33 wolf spiders
  9 cyclopes
  2 oklob plants (D:11)
  An elephant (shapeshifter) (Elf:3)
  2 frost giant zombies
  A guardian serpent (shapeshifter) (D:13)
  An iron dragon skeleton (Crypt:3)
  A fire giant skeleton (Crypt:1)
  3 moths of wrath
  Maurice (Orc:1)
  A black mamba (shapeshifter) (Vaults:3)
  A frost giant skeleton (Crypt:2)
  12 elephants
  A molten gargoyle (Volcano)
  4 black mambas
  17 vault sentinels
  A stone giant skeleton (Crypt:1)
  A torpor snail (Spider:1)
  A catoblepas zombie (Crypt:3)
  4 gargoyles
  A pale draconian zombie (Crypt:2)
  A dire elephant skeleton (Crypt:2)
  6 centaur skeletons
  2 smoke demons
  17 spiny frogs
  14 yaktaurs
  2 kobold demonologists (D:15)
  2 yaktaur zombies
  3 rime drakes (Lair:6)
  12 freezing wraiths
  16 komodo dragons
  10 demonic crawlers
  A hellwing (Abyss:4)
  An efreet (D:14)
  A hydra zombie (Crypt:2)
  2 red devils (Volcano)
  A yellow draconian skeleton (Crypt:2)
  2 queen bees
  4 tyrant leeches
  12 trolls
  21 hornets
  2 tengu conjurers (D:15)
  29 jumping spiders
  4 polar bears (Lair:1)
  A moth of wrath zombie (Crypt:1)
  A hornet (shapeshifter) (D:15)
  45 slime creatures
  An ettin zombie (Vaults:2)
  2 raiju (Abyss:4)
  14 blink frogs
  2 ice dragon zombies
  22 bog bodies
  An alligator zombie (Crypt:2)
  A dream sheep (Lair:6)
  A minotaur skeleton (Crypt:1)
  A stone giant simulacrum (Crypt:1)
  3 fire dragon zombies
  13 hippogriffs
  2 meliai zombies
  82 redbacks
  Sigmund (D:4)
  6 air elementals (Elf:1)
  An ettin skeleton (Crypt:3)
  A satyr skeleton (Crypt:1)
  2 spriggans
  A centaur simulacrum (D:15)
  34 flying skulls
  9 shadows
  26 tarantellas
  6 water elementals
  A large abomination (Abyss:4)
  6 vampires
  16 wraiths
  4 wyverns
  3 fire elementals
  7 hogs
  5 fire bats
  42 yaks
  An ice dragon skeleton (Crypt:1)
  7 basilisks (Lair:6)
  A small abomination (Abyss:4)
  6 steam dragons
  A human (D:7)
  2 hungry ghosts (D:11)
  37 vampire mosquitoes
  Edmund (D:4)
  9 wargs
  Menkaure (D:5)
  A deep troll zombie (Vaults:3)
  13 insubstantial wisps
  11 swamp worms
  2 hydra simulacra
  9 soldier ants
  4 acid dragons
  9 water moccasins
  3 hell hounds
  16 porcupines
  2 manticore zombies (Crypt:2)
  22 swamp drakes
  5 ice beasts
  55 orc warriors
  6 phantoms
  6 black bears
  A black mamba simulacrum (Crypt:1)
  7 sky beasts
  6 necrophages
  5 boggarts
  28 ogres
  A blink frog skeleton (Crypt:2)
  A fire dragon simulacrum (Crypt:1)
  A wolf (Lair:6)
  37 centaurs
  12 big kobolds
  15 crocodiles
  Blork the orc (D:5)
  2 human zombies
  18 bullfrogs
  3 gnoll sergeants
  A human simulacrum (Vaults:3)
  8 earth elementals
  5 scorpions
  A wyvern skeleton (D:11)
  2 elf simulacra
  54 killer bees
  A spriggan zombie (Crypt:3)
  The ghost of Duffy the Chopper, a weakling DsFi (D:4)
  24 wights
  6 electric eels
  4 howler monkeys
  7 crimson imps
  A bullfrog zombie (D:10)
  6 centaur zombies
  5 lava snakes (Volcano)
  6 hounds
  6 jellies
  44 orc wizards
  A wyvern simulacrum (D:15)
  33 orc priests
  5 bullfrog skeletons
  Crazy Yiuf (D:2)
  2 iguanas
  An iron imp (Abyss:4)
  34 worker ants
  A big kobold zombie (Crypt:1)
  A naga skeleton (Crypt:3)
  An ogre skeleton (Crypt:2)
  2 hound zombies
  A hound skeleton (D:7)
  3 worker ant zombies
  A howler monkey skeleton (D:9)
  8 gnolls
  12 adders
  6 shadow imps
  A white imp (Abyss:4)
  3 oozes
  3 adder zombies
  An iguana zombie (Crypt:1)
  2 adder skeletons
  An iguana skeleton (Crypt:2)
  A worm (D:2)
  A barachian skeleton (Crypt:1)
  4 dart slugs
  6 leopard geckos
  138 orcs
  5 bats
  4 giant cockroaches
  10 goblins
  12 hobgoblins
  4 jackals (D:6)
  5 quokkas
  4 frilled lizards
  41 kobolds
  An orc zombie (Crypt:1)
  11 rats
  14 briar patches (Swamp:4)
  A bush (Elf:3)
  4 crawling corpses (Elf:2)
  2 fungi (Lair:6)
  4 plants (Lair:6)
2288 creatures vanquished.

Vanquished Creatures (collateral kills)
  A thorn hunter (Swamp:4)
  A ghost moth (Spider:4)
  An emperor scorpion (Spider:2)
  2 stone giants
  2 ironheart preservers (Vaults:3)
  A very ugly thing (Vaults:3)
  A yaktaur captain (Vaults:4)
  An ice dragon (Vaults:1)
  2 hydras
  A vault guard (Vaults:3)
  Harold (D:9)
  7 two-headed ogres
  A centaur warrior (D:15)
  An alligator (Swamp:4)
  2 ogre magi
  A shadow wraith (Vaults:4)
  A swamp dragon (Swamp:4)
  A deep elf archer (D:15)
  A harpy (Vaults:3)
  An ironbrand convoker (Vaults:4)
  5 ugly things (Vaults:3)
  2 orb spiders (Spider:2)
  4 orc knights
  6 wolf spiders
  2 cyclopes
  2 deep elf magi
  A moth of wrath (Spider:3)
  A black mamba (Lair:6)
  2 vault sentinels
  2 elephants (Lair:6)
  2 torpor snails (Spider:4)
  3 spiny frogs
  A centaur skeleton (D:13)
  A kobold demonologist (D:15)
  3 rime drakes (Lair:6)
  A freezing wraith (Vaults:4)
  An efreet (D:15)
  3 demonic crawlers
  2 jumping spiders
  A troll (D:15)
  A hornet (Spider:4)
  A bog body (Swamp:4)
  A frost giant simulacrum (Vaults:3)
  A hippogriff (Lair:6)
  An air elemental (Elf:3)
  18 redbacks
  A wraith (D:15)
  A vampire (Vaults:2)
  A wyvern (Lair:6)
  8 tarantellas
  A yak (Lair:6)
  A basilisk (Lair:6)
  7 vampire mosquitoes
  A swamp worm (Swamp:4)
  2 insubstantial wisps (Swamp:4)
  A soldier ant (D:13)
  A porcupine (Lair:6)
  2 water moccasins (Lair:6)
  A hell hound (Lair:6)
  5 swamp drakes
  7 orc warriors
  A necrophage (Crypt:1)
  2 ogres
  5 centaurs
  A bullfrog (D:15)
  A scorpion (shapeshifter) (D:15)
  A wyvern skeleton (D:15)
  4 orc priests (Orc:1)
  4 orc wizards
  A shadow imp (D:15)
  18 orcs
  4 kobolds (D:15)
180 creatures vanquished.

Vanquished Creatures (others)
  A deep elf elementalist (Elf:3)
  A deep elf demonologist (Elf:3)
  2 deep elf knights
  2 deep elf archers
  A hornet (Swamp:4)
  A meliai zombie (D:15)
  An orc (Orc:1)
  2 bushes (Elf:3)
  5 fire vortices
  27 fungi
  22 plants
  6 starspawn tentacles (Abyss:4)
71 creatures vanquished.

Grand Total: 2539 creatures vanquished

Notes
Turn   | Place    | Note
-------+----------+-------------------------------------------
     0 | D:1      | Kriby the Mummy Fire Elementalist began the quest for the Orb.
     0 | D:1      | Reached XP level 1. HP: 13/13 MP: 4/4
    22 | D:1      | Reached skill level 3 in Spellcasting
    59 | D:1      | Reached skill level 1 in Conjurations
   259 | D:1      | Reached XP level 2. HP: 15/19 MP: 6/6
   541 | D:1      | Found a shimmering altar of Xom.
  1159 | D:2      | Reached XP level 3. HP: 24/24 MP: 1/7
  2260 | D:2      | Reached XP level 4. HP: 26/30 MP: 1/9
  2495 | D:2      | Found a runed door.
  2723 | D:2      | Noticed Crazy Yiuf
  2732 | D:2      | Killed Crazy Yiuf
  3222 | D:3      | Learned a level 3 spell: Conjure Flame
  3227 | D:3      | Learned a level 4 spell: Sticky Flame
  3230 | D:3      | Learned a level 2 spell: Throw Flame
  3232 | D:3      | Found a white marble altar of Elyvilon.
  3526 | D:3      | Reached XP level 5. HP: 32/35 MP: 8/10
  4069 | D:4      | Noticed Edmund
  4086 | D:4      | Killed Edmund
  4086 | D:4      | Reached skill level 4 in Spellcasting
  4086 | D:4      | Reached XP level 6. HP: 14/41 MP: 1/12
  4839 | D:4      | Reached skill level 5 in Spellcasting
  5038 | D:4      | Found a hazy altar of Hepliaklqana.
  5038 | D:4      | Found a deep blue altar of Sif Muna.
  5038 | D:4      | Noticed Sigmund
  5038 | D:4      | Noticed Duffy's ghost (weakling DsFi)
  5039 | D:4      | Found a sacrificial altar of Ru.
  5039 | D:4      | Found a glowing golden altar of the Shining One.
  5065 | D:4      | Killed Duffy's ghost
  5074 | D:4      | Killed Sigmund
  5074 | D:4      | Reached XP level 7. HP: 28/46 MP: 1/15
  5267 | D:4      | Reached skill level 6 in Spellcasting
  5344 | D:4      | Became a worshipper of Sif Muna the Loreminder
  5374 | D:5      | Entered Level 5 of the Dungeon
  5544 | D:5      | Noticed Blork the orc
  5719 | D:5      | Killed Blork the orc
  6071 | D:5      | Noticed Menkaure
  6076 | D:5      | Killed Menkaure
  6158 | D:5      | Reached skill level 5 in Fire Magic
  6158 | D:5      | Reached XP level 8. HP: 45/52 MP: 8/18
  6287 | D:5      | Reached skill level 7 in Spellcasting
  6354 | D:5      | Reached * piety under Sif Muna
  6518 | D:6      | Found a staircase to the Ecumenical Temple.
  6713 | D:6      | Reached skill level 5 in Conjurations
  7537 | D:6      | Reached skill level 8 in Spellcasting
  7888 | D:7      | Reached ** piety under Sif Muna
  7891 | D:7      | Reached XP level 9. HP: 57/57 MP: 3/21
  8586 | D:7      | Reached skill level 1 in Fighting
  8742 | D:7      | Found a shattered altar of Ashenzari.
  9010 | D:7      | Found a shadowy altar of Dithmenos.
  9263 | D:8      | Reached skill level 9 in Spellcasting
  9883 | D:8      | Learned a level 5 spell: Fireball
  9887 | D:8      | Learned a level 3 spell: Stone Arrow
 10357 | D:8      | Noticed a troll
 10364 | D:8      | Killed a troll
 10364 | D:8      | Reached skill level 5 in Fighting
 10368 | D:8      | Reached XP level 10. HP: 74/74 MP: 12/23
 10578 | D:8      | Reached *** piety under Sif Muna
 10976 | D:8      | Found a burning altar of Makhleb.
 11606 | D:9      | Reached skill level 1 in Invocations
 11865 | D:9      | Found a staircase to the Orcish Mines.
 12781 | D:9      | Found a staircase to the Lair.
 12786 | D:9      | Noticed Erica
 12797 | D:9      | Killed Erica
 13054 | D:9      | Reached **** piety under Sif Muna
 13941 | D:9      | Reached skill level 10 in Spellcasting
 14171 | D:9      | Reached XP level 11. HP: 66/80 MP: 15/25
 14845 | D:10     | Entered Level 10 of the Dungeon
 15353 | D:10     | Reached skill level 11 in Spellcasting
 15658 | D:10     | Found Xicogot's Jewellery Emporium.
 15743 | D:10     | Noticed Snorg
 15761 | D:10     | Killed Snorg
 15867 | D:10     | Reached ***** piety under Sif Muna
 17108 | D:11     | Identified Ruonguon's Volume of Lethal Fire (Sif Muna gifted it to you on level 11 of the Dungeon)
 17108 | D:11     | Received a gift from Sif Muna
 17177 | D:11     | Noticed a two-headed ogre
 17319 | D:11     | HP: 4/80 [two-headed ogre/giant club (12)]
 17327 | D:11     | Killed a two-headed ogre
 17327 | D:11     | Reached skill level 12 in Spellcasting
 17682 | D:11     | Noticed an unseen horror
 17685 | D:11     | Killed an unseen horror
 18094 | D:11     | Noticed an oklob plant
 18283 | D:11     | Noticed a two-headed ogre
 18296 | D:11     | Killed a two-headed ogre
 18339 | D:11     | Reached XP level 12. HP: 57/86 MP: 3/28
 18786 | D:11     | Reached skill level 13 in Spellcasting
 19697 | D:11     | Identified Kusu's Reference Book on Hurtful Weightlessness (Sif Muna gifted it to you on level 11 of the Dungeon)
 19697 | D:11     | Received a gift from Sif Muna
 20689 | D:11     | Noticed a seven-headed hydra
 20695 | D:11     | Noticed a tengu warrior
 20698 | D:11     | Reached skill level 14 in Spellcasting
 21177 | D:11     | Killed a tengu warrior
 21549 | D:11     | Reached skill level 1 in Evocations
 22064 | D:11     | Killed a seven-headed hydra
 22391 | Lair:1   | Entered Level 1 of the Lair of Beasts
 23634 | Lair:1   | Gained mutation: You are in touch with the powers of death. [Mummy growth]
 23634 | Lair:1   | Reached XP level 13. HP: 92/92 MP: 20/31
 24143 | Lair:2   | Found a hole to the Spider Nest.
 24424 | Lair:2   | Received a gift from Sif Muna
 24818 | Lair:2   | Noticed Sonja
 24830 | Lair:2   | Reached skill level 5 in Dodging
 24875 | Lair:2   | Killed Sonja
 24996 | Lair:2   | Got an ichor-stained mace
 24997 | Lair:2   | Identified the +8 mace of Optimality {venom, +Fly rN+ Stlth-} (You found it on level 2 of the Lair of Beasts)
 25103 | Lair:2   | Reached skill level 15 in Spellcasting
 25619 | Lair:3   | Noticed Nergalle
 25624 | Lair:3   | Killed Nergalle
 26758 | Lair:3   | Learned a level 2 spell: Blink
 27679 | Lair:3   | Reached skill level 1 in Translocations
 27933 | Lair:3   | Got a shimmering leather armour
 27934 | Lair:3   | Identified the +2 leather armour of Divine Compulsion {rPois rC+} (You found it on level 3 of the Lair of Beasts)
 28882 | Lair:4   | Reached skill level 10 in Fire Magic
 28978 | Lair:4   | Reached skill level 10 in Conjurations
 29056 | Lair:4   | Found a staircase to the Swamp.
 30581 | Lair:5   | Reached XP level 14. HP: 98/98 MP: 33/33
 31284 | Lair:6   | Entered Level 6 of the Lair of Beasts
 31447 | Lair:6   | Reached skill level 16 in Spellcasting
 31545 | Lair:6   | Received a gift from Sif Muna
 31862 | Lair:6   | Reached skill level 1 in Earth Magic
 32227 | Lair:6   | Learned a level 4 spell: Animate Dead
 32283 | Lair:6   | Reached skill level 1 in Necromancy
 32342 | Lair:6   | Found a staircase to the Slime Pits.
 32343 | Lair:6   | Found a viscous altar of Jiyva.
 34604 | Orc:1    | Entered Level 1 of the Orcish Mines
 34604 | Orc:1    | Found a roughly hewn altar of Beogh.
 34604 | Orc:1    | Noticed Maurice
 34608 | Orc:1    | Killed Maurice
 35237 | Orc:1    | Noticed Harold
 35373 | D:9      | Killed Harold
 35373 | D:9      | Identified Sif Muna's Incunabulum of Cloudy Displacement (Sif Muna gifted it to you on level 9 of the Dungeon)
 35373 | D:9      | Received a gift from Sif Muna
 35461 | Orc:1    | Noticed Fannar
 35466 | Orc:1    | Killed Fannar
 36657 | Orc:2    | Entered Level 2 of the Orcish Mines
 36680 | Orc:2    | Found a dark tunnel.
 36688 | Volcano  | Entered a volcano
 36776 | Volcano  | Learned a level 5 spell: Bolt of Magma
 37684 | Volcano  | Found a bloodstained altar of Trog.
 38289 | Orc:2    | Found a staircase to the Elven Halls.
 38384 | Orc:2    | Noticed an orc warlord
 38398 | Orc:2    | Killed an orc warlord
 38707 | Orc:2    | Noticed lupus83's ghost (journeyman HOFi)
 38750 | Orc:2    | Reached XP level 15. HP: 82/103 MP: 8/35
 38764 | Orc:2    | Killed lupus83's ghost
 39000 | Orc:2    | Reached skill level 17 in Spellcasting
 39281 | Orc:2    | Found a roughly hewn altar of Beogh.
 39282 | Orc:2    | Found Carurphuh's Gadget Boutique.
 39954 | Orc:2    | Noticed an orc warlord
 39963 | Orc:2    | Killed an orc warlord
 39966 | Orc:2    | Noticed an orc warlord
 40044 | Orc:2    | Killed an orc warlord
 40467 | Orc:2    | Found Exerphot's Antique Armour Emporium.
 40470 | Orc:2    | Found a roughly hewn altar of Beogh.
 40473 | Orc:2    | Found Umoetewn's Antique Weapon Shoppe.
 40484 | Orc:2    | Bought a pair of embroidered boots for 231 gold pieces
 40496 | Orc:2    | Identified a +1 pair of boots of running (You bought it in a shop on level 2 of the Orcish Mines)
 40506 | Orc:2    | Bought a blackened whip for 277 gold pieces
 40506 | Orc:2    | Identified the cursed +0 whip of Wiyppas {vamp, rN+ Str+5} (You bought it in a shop on level 2 of the Orcish Mines)
 40525 | Orc:2    | Found a roughly hewn altar of Beogh.
 40660 | Orc:2    | Found a roughly hewn altar of Beogh.
 41301 | Orc:2    | Found a roughly hewn altar of Beogh.
 41493 | Orc:2    | Found Akkol's Armour Shop.
 41500 | Orc:2    | Bought a +0 helmet of see invisible for 161 gold pieces
 41500 | Orc:2    | Bought a +0 pair of gloves for 63 gold pieces
 41892 | Lair:6   | Got a smoking quarterstaff
 41893 | Lair:6   | Identified the +9 quarterstaff of Bouvima {drain, rF+} (You found it on level 6 of the Lair of Beasts)
 42186 | Swamp:1  | Entered Level 1 of the Swamp
 44048 | Swamp:2  | Upgraded the game from 0.20-a0-435-gf4ea4dd to 0.20-a0-441-g89e74e4
 45983 | Swamp:2  | Identified Ript's Handbook of the Enchanting Frostbite (Sif Muna gifted it to you on level 2 of the Swamp)
 45983 | Swamp:2  | Received a gift from Sif Muna
 46404 | Swamp:3  | Noticed a thorn hunter
 46412 | Swamp:3  | Killed a thorn hunter
 46412 | Swamp:3  | Reached skill level 18 in Spellcasting
 46903 | Swamp:3  | Reached XP level 16. HP: 51/110 MP: 19/38
 47786 | Swamp:3  | Noticed Bai Suzhen
 47808 | Swamp:3  | Killed Bai Suzhen
 47871 | Swamp:3  | Noticed a thorn hunter
 47883 | Swamp:3  | Killed a thorn hunter
 48728 | Swamp:4  | Entered Level 4 of the Swamp
 49030 | Swamp:4  | Noticed Nikola
 49054 | Swamp:4  | Killed Nikola
 49463 | Swamp:4  | Noticed a thorn hunter
 49466 | Swamp:4  | Killed a thorn hunter
 49733 | Swamp:3  | Identified Sif Muna's Collected Works on Arcane Weapons (Sif Muna gifted it to you on level 3 of the Swamp)
 49733 | Swamp:3  | Received a gift from Sif Muna
 50113 | Swamp:4  | Reached skill level 19 in Spellcasting
 50896 | Swamp:3  | Noticed a thorn hunter
 50898 | Swamp:3  | Killed a thorn hunter
 51256 | Swamp:4  | Noticed a thorn hunter
 51264 | Swamp:4  | Killed a thorn hunter
 51370 | Swamp:4  | Got a decaying rune of Zot
 51462 | Swamp:4  | Noticed a thorn hunter
 51466 | Swamp:4  | Killed a thorn hunter
 51571 | Swamp:4  | Noticed Donald
 52081 | Swamp:4  | Killed Donald
 52767 | Swamp:2  | Noticed a thorn hunter
 52771 | Swamp:2  | Killed a thorn hunter
 52771 | Swamp:2  | Reached XP level 17. HP: 115/115 MP: 0/40
 52955 | Swamp:2  | Identified Sif Muna's Guide on Execration and the Arsonist (Sif Muna gifted it to you on level 2 of the Swamp)
 52955 | Swamp:2  | Received a gift from Sif Muna
 52956 | Swamp:2  | Identified a scroll of acquirement
 52957 | Swamp:2  | Got a pair of heavily runed boots
 52958 | Swamp:2  | Identified the +2 pair of boots "Muki" {-Tele rC- Int+6 Dex+8 SInv} (You acquired it on level 2 of the Swamp)
 54584 | D:13     | Found a gate to the Vaults.
 56626 | D:14     | Found Giequevi's Assorted Antiques.
 57329 | D:14     | Got a dazzling long sword
 57330 | D:14     | Identified the +1 long sword "Izxue" {vamp, rElec} (You found it on level 14 of the Dungeon)
 57391 | D:14     | Got an iridescent quarterstaff
 57392 | D:14     | Identified the +2 quarterstaff "Gipteg" {antimagic, rC+ Dex+6} (You found it on level 14 of the Dungeon)
 57780 | D:14     | Reached skill level 20 in Spellcasting
 58157 | D:15     | Entered Level 15 of the Dungeon
 58162 | D:15     | Identified Sif Muna's Catalogue of the Assistive Mountains (Sif Muna gifted it to you on level 15 of the Dungeon)
 58162 | D:15     | Received a gift from Sif Muna
 59203 | D:15     | Found a staircase to the Depths.
 59279 | D:15     | Found a sacrificial altar of Ru.
 59280 | D:15     | Found a hazy altar of Hepliaklqana.
 59280 | D:15     | Found a sacrificial altar of Ru.
 60571 | D:15     | Identified Sif Muna's Volume of Attacks (Sif Muna gifted it to you on level 15 of the Dungeon)
 60571 | D:15     | Received a gift from Sif Muna
 60784 | D:15     | Learned a level 7 spell: Delayed Fireball
 61193 | D:15     | Reached skill level 1 in Shields
 62161 | Spider:1 | Entered Level 1 of the Spider Nest
 62528 | Spider:1 | Reached XP level 18. HP: 121/121 MP: 37/42
 64616 | Spider:1 | Identified Gaexkesh's Compendium of Excruciating Weightlessness (Sif Muna gifted it to you on level 1 of the Spider Nest)
 64616 | Spider:1 | Received a gift from Sif Muna
 64625 | Spider:1 | Learned a level 7 spell: Orb of Destruction
 64631 | Spider:1 | Learned a level 5 spell: Poisonous Cloud
 64635 | Spider:1 | Learned a level 3 spell: Ignite Poison
 64637 | Spider:1 | Learned a level 1 spell: Pain
 64644 | Spider:1 | Learned a level 6 spell: Deflect Missiles
 64884 | Spider:2 | Reached skill level 1 in Air Magic
 64885 | Spider:2 | Reached skill level 1 in Charms
 67561 | Spider:4 | Entered Level 4 of the Spider Nest
 67578 | Spider:4 | Noticed Kirke
 67581 | Spider:4 | Killed Kirke
 67701 | Spider:4 | Noticed Arachne
 68519 | Spider:4 | Killed Arachne
 68519 | Spider:4 | Reached skill level 5 in Charms
 68519 | Spider:4 | Reached skill level 5 in Air Magic
 70062 | Spider:4 | Received a gift from Sif Muna
 70965 | Spider:4 | Reached XP level 19. HP: 117/127 MP: 33/43
 71649 | Spider:4 | Got a gossamer rune of Zot
 71990 | Elf:1    | Entered Level 1 of the Elven Halls
 74719 | Elf:1    | Identified Sif Muna's Handbook of Arcane Weapons (Sif Muna gifted it to you on level 1 of the Elven Halls)
 74719 | Elf:1    | Received a gift from Sif Muna
 74874 | Elf:1    | Reached skill level 15 in Fire Magic
 76169 | Elf:2    | Found Ylaider's Jewellery Shop.
 76171 | Elf:2    | Found Cifamnah's Gadget Shoppe.
 76172 | Elf:2    | Found Meddol's Jewellery Shop.
 76205 | Elf:2    | Bought a +4 amulet of reflection for 375 gold pieces
 76212 | Elf:2    | Bought the ring of Coveow {Fire rPois rN+ Dex+3} for 513 gold pieces
 76315 | Elf:2    | Identified the +2 pair of boots "Gealef" {*Slow +Inv rF++ MR++} (You found it on level 2 of the Elven Halls)
 76344 | Elf:2    | Reached skill level 15 in Conjurations
 76864 | Elf:2    | Found a runed gate.
 76864 | Elf:2    | Found a runed gate.
 76873 | Elf:2    | Found a runed gate.
 78738 | Elf:3    | Entered Level 3 of the Elven Halls
 78840 | Elf:2    | Identified Sif Muna's Handbook of Air and Boosts (Sif Muna gifted it to you on level 2 of the Elven Halls)
 78840 | Elf:2    | Received a gift from Sif Muna
 79279 | Elf:3    | Identified the ring of Qolaup {rCorr rPois} (You acquired it on level 3 of the Elven Halls)
 79315 | Elf:3    | Reached XP level 20. HP: 115/133 MP: 5/44
 79492 | Elf:3    | Found Serexeu's General Store.
 79511 | Elf:3    | Noticed Mara
 79518 | Elf:3    | Killed Mara
 79845 | Elf:3    | Noticed Roxanne
 80000 | Elf:3    | Killed Roxanne
 80001 | Elf:3    | Identified Roxanne's Almanac of Transmutation (You took it off Roxanne on level 3 of the Elven Halls)
 81269 | Elf:3    | Identified Sif Muna's Papyrus of Feathers (Sif Muna gifted it to you on level 3 of the Elven Halls)
 81269 | Elf:3    | Received a gift from Sif Muna
 83394 | Elf:3    | Identified the +2 cloak of Happy Babbling {rN+ Str+6} (You found it on level 3 of the Elven Halls)
 83413 | Elf:3    | Identified the Papyrus of Clay and Toxins
 84806 | Vaults:1 | Entered Level 1 of the Vaults
 84813 | Vaults:1 | Noticed Jorgrun
 84817 | Vaults:1 | Identified Sif Muna's Reference Book on Unholy Rites and Air (Sif Muna gifted it to you on level 1 of the Vaults)
 84817 | Vaults:1 | Received a gift from Sif Muna
 84822 | Vaults:1 | Killed Jorgrun
 86325 | Vaults:1 | Reached XP level 21. HP: 139/139 MP: 34/45
 88735 | Vaults:2 | Identified Sif Muna's Disquisition on Ignition (Sif Muna gifted it to you on level 2 of the Vaults)
 88735 | Vaults:2 | Received a gift from Sif Muna
 89494 | Vaults:2 | Learned a level 9 spell: Fire Storm
 90702 | Vaults:2 | Found a staircase to the Crypt.
 91039 | Vaults:2 | Identified Xierafu's Guide on Summoning and Confrontation
 91708 | Vaults:2 | Noticed Frederick
 91709 | Vaults:2 | Received a gift from Sif Muna
 91724 | Vaults:2 | Killed Frederick
 92929 | Crypt:1  | Entered Level 1 of the Crypt
 94583 | Crypt:1  | Reached XP level 22. HP: 130/145 MP: 15/46
 94857 | Crypt:1  | Reached skill level 21 in Spellcasting
 95949 | Crypt:1  | Identified Sif Muna's Handbook of Boosting Flight (Sif Muna gifted it to you on level 1 of the Crypt)
 95949 | Crypt:1  | Received a gift from Sif Muna
100324 | Crypt:3  | Entered Level 3 of the Crypt
101949 | Crypt:3  | Found a staircase to the Tomb.
102015 | Crypt:3  | Identified Sif Muna's Compendium of Torrid Attacks (Sif Muna gifted it to you on level 3 of the Crypt)
102015 | Crypt:3  | Received a gift from Sif Muna
103558 | Crypt:3  | Reached XP level 23. HP: 121/150 MP: 26/48
103689 | Crypt:3  | Identified the ring "Zedwudoj" {rPois rC+ rN+ Slay-3} (You took it off a hell knight on level 3 of the Crypt)
103779 | Crypt:3  | Noticed an ancient lich
103786 | Crypt:3  | Killed an ancient lich
104123 | Crypt:3  | Cast into level 4 of the Abyss (a lich)
104175 | Abyss:4  | Found a corrupted altar of Lugonu.
104455 | Crypt:3  | Escaped the Abyss
104634 | Crypt:3  | Identified the ring of Viuvamak {rF+ rN+ Int+4} (You took it off a vampire knight on level 3 of the Crypt)
104683 | Crypt:3  | Found an ancient bone altar of Kikubaaqudgha.
104700 | Crypt:3  | Identified the ring of Doin {rN+ Slay+3} (You found it on level 3 of the Crypt)
104757 | Crypt:3  | Got an ebony mace {crush}
104761 | Crypt:3  | Identified the cursed +0 mace of Raepoowe {crush, rF- Int+4} (You took it off a necromancer on level 3 of the Crypt)
105110 | Crypt:3  | Identified Deown's Disquisition on Toxins and Black Arts
105936 | Vaults:3 | Identified Sif Muna's Disquisition on Confrontation (Sif Muna gifted it to you on level 3 of the Vaults)
105936 | Vaults:3 | Received a gift from Sif Muna
109280 | Vaults:4 | Received a gift from Sif Muna
111253 | Vaults:4 | Found Ihu Woaz's Weapon Boutique.
111527 | Vaults:4 | Reached XP level 24. HP: 157/157 MP: 33/48
112367 | Depths:1 | Entered Level 1 of the Depths
112703 | Depths:1 | Identified Sif Muna's Tome of Talismans and Attacks (Sif Muna gifted it to you on level 1 of the Depths)
112703 | Depths:1 | Received a gift from Sif Muna
112710 | Depths:1 | Slain by a deep troll

Vault maps used:
D:1:      eino_arrival_water_star, minmay_misc_feat_columns, xom_teletrap_fun
D:2:      minmay_wonky_spiral, uniq_crazy_yiuf_cottage
D:3:      first_bread, elyvilon_altar_5
D:4:      grunt_temple_overflow_cloverleaf, uniq_edmund, uniq_sigmund
D:5:      minmay_misc_feat_chi, uniq_menkaure, uniq_blork_the_orc
D:7:      grunt_dithmenos_smoke, basic_altar, minmay_misc_feat_square,
          grunt_livestock
D:8:      lemuel_doored_altar
D:9:      mumra_celtic_spiral_tile, lair_entry_dummy,
          kennysheep_orc_monster_closet_entryway, uniq_erica
D:10:     serial_shops, nicolae_shop_statue_plus, uniq_snorg
D:11:     regret_index_harrowing_hell_hive, dk_noncrumbling_3
D:13:     david_vaults_1
D:14:     serial_shops, shop
D:15:     hangedman_slaughterboxes, serial_shops
Lair:1:   beast_lair_carwin_large_1
Lair:2:   spider_nest_entry_webs, uniq_sonja
Lair:3:   special_room, zaba_antful_of_joy, uniq_nergalle
Lair:4:   swamp_mist_pool
Lair:5:   serial_bayou_shore_b
Lair:6:   hangedman_lair_in_review, guppyfry_lair_end_dragon, slime_altar_1,
          special_room
Swamp:1:  nicolae_swamp_very_dense_foliage, swamp_pool5
Swamp:2:  nicolae_swamp_orc_logging_accident
Swamp:3:  nicolae_swamp_treefoil, hangedman_swamp_ravenous, uniq_bai_suzhen
Swamp:4:  swamp_basic_johnstein, infiniplex_staircase_pool_2, uniq_donald,
          uniq_nikola
Spider:1: spider_trap
Spider:2: hangedman_spider_mandibles
Spider:4: spider_rune_water, uniq_kirke, uniq_arachne
Orc:1:    basic_altar, uniq_maurice, uniq_fannar, uniq_harold
Orc:2:    grunt_orc_community_town_hall, grunt_orc_community_big_house_1,
          grunt_orc_community_big_house_2, grunt_orc_community_house_2,
          grunt_orc_community_house_1, grunt_orc_community_house_3,
          grunt_orc_community_house_3, nicolae_volcano_entry_hallway
Elf:1:    orc_legates, minmay_the_grid_2x2
Elf:2:    spider_trap, minmay_shop_grove
Elf:3:    elf_hall, serial_shops, shop, minivault_20, hangedman_glass_teeth,
          uniq_mara, uniq_roxanne
Vaults:1: grunt_vaults_trifunnel, vaults_room_door_hall,
          hangedman_vaults_corner_blocks, vaults_mumra_lcd,
          nicolae_vaults_little_squares_4, vaults_mumra_hexcomb, uniq_jorgrun
Vaults:2: nicolae_vaults_network_periphery, minmay_crypt_entry_vampire_xt,
          hangedman_vaults_slither, minmay_guarded_unrand_secular_launcher,
          nicolae_vaults_little_squares_4, nicolae_vaults_diagonal_hallway_8,
          nicolae_vaults_network_star, nicolae_vaults_alarming,
          nicolae_vaults_little_squares_6, dpeg_vaults_monster_box,
          uniq_frederick
Vaults:3: ontoclasm_vaults_eye, hangedman_vaults_trim, v_pattern_1,
          nicolae_vaults_network_barrier, nicolae_vaults_network_quinsquares,
          ontoclasm_vaults_chip, nicolae_vaults_angled_halls,
          nicolae_vaults_asterisk
Vaults:4: v_misc_18, ontoclasm_vaults_claustrophobia, ontoclasm_vaults_shuriken,
          v_misc_33, v_misc_27, grunt_vaults_funnel, v_misc_14,
          vaults_mumra_hex, nicolae_vaults_network_square, vaults_dpeg_diagonal,
          v_alt_pattern_3, grunt_vaults_focal, serial_shops, shop
Crypt:1:  hangedman_staggered_hall
Crypt:2:  lemuel_elevator, grunt_megastairs_2
Crypt:3:  cryptofortress_bobbens
Depths:1: hell_entry, serial_bayou_pond_d, hangedman_decor_opposing,
          nicolae_water_bricks, roderic_roman_lattice, due_unseen_surprise,
          uniq_sojobo
Abyss:4:  evilmike_abyss_exit_1, nicolae_abyss_rune_left_handed
Volcano:  volcano_lake

Skill      XL: |  1  2  3  4  5  6  7  8  9 10 11 12 13 14 15 16 17 18 19 20 21 22 23 |
---------------+----------------------------------------------------------------------+-----
Spellcasting   | 3 4 5 6 8 9 10 12 14 15 16 18 19 20 21 | 21.8
Conjurations   | 1 2 3 4 6 7 8 9 10 12 13 14 15 16 18 19 20 | 20.3
Fire Magic     | 3 4 5 6 7 8 9 10 11 12 13 14 15 17 18 19 20 | 20.4
Fighting       | 5 |  5.5
Dodging        | 2 4 7 |  7.7
Invocations    | 4 |  4.6
Evocations     | 2 |  2.0
Translocations | 1 |  1.3
Earth Magic    | 3 |  3.1
Necromancy     | 4 |  4.3
Shields        | 2 4 |  4.0
Air Magic      | 6 7 |  7.3
Charms         | 6 7 |  7.0
Short Blades   | |  0.8
Stealth        | |  1.5

Action                   |  1- 3 |  4- 6 |  7- 9 | 10-12 | 13-15 | 16-18 | 19-21 | 22-24 || total
-------------------------+-------+-------+-------+-------+-------+-------+-------+-------++-------
Melee: Dagger            |    22 |    13 |    20 |    41 |     3 |       |       |       ||    99
       Staff             |       |       |       |       |    10 |    25 |    10 |    19 ||    64
       Quarterstaff      |       |       |       |       |    11 |    26 |       |       ||    37
       Demon whip        |       |       |       |       |       |       |       |    30 ||    30
 Cast: Flame Tongue      |    79 |    79 |   165 |   436 |   258 |     7 |     2 |     8 ||  1034
       Sticky Flame      |       |     2 |    35 |   113 |   183 |    64 |    43 |    20 ||   460
       Throw Flame       |       |    12 |    18 |   110 |   166 |     2 |       |       ||   308
       Conjure Flame     |       |     1 |    11 |    31 |    38 |     5 |     3 |     6 ||    95
       Fireball          |       |       |       |    64 |   277 |   399 |   141 |   149 ||  1030
       Bolt of Magma     |       |       |       |       |   181 |   381 |   505 |   440 ||  1507
       Animate Dead      |       |       |       |       |    66 |   108 |    44 |    57 ||   275
       Stone Arrow       |       |       |       |       |    16 |       |       |       ||    16
       Blink             |       |       |       |       |    23 |     4 |    12 |    11 ||    50
       Delayed Fireball  |       |       |       |       |       |     1 |       |       ||     1
       Poisonous Cloud   |       |       |       |       |       |    76 |   229 |   111 ||   416
       Ignite Poison     |       |       |       |       |       |     4 |    41 |    15 ||    60
       Deflect Missiles  |       |       |       |       |       |       |     4 |     1 ||     5
       Orb of Destructio |       |       |       |       |       |       |    51 |    82 ||   133
       Fire Storm        |       |       |       |       |       |       |       |     3 ||     3
Invok: Channel Magic     |       |       |       |     2 |    12 |    12 |    21 |    20 ||    67
       Divine Energy     |       |       |       |       |     1 |       |       |       ||     1
       Stop Divine Energ |       |       |       |       |     1 |       |       |       ||     1
       Forget Spell      |       |       |       |       |       |     2 |       |       ||     2
 Abil: Release Delayed F |       |       |       |       |       |       |     1 |       ||     1
Evoke: Wand              |       |       |       |     2 |    13 |    10 |       |       ||    25
       Staff of energy   |       |       |       |       |       |       |    43 |   290 ||   333
  Use: Scroll            |       |       |     3 |    14 |    19 |     9 |    18 |     7 ||    70
 Stab: Sleeping          |       |       |     2 |       |       |       |       |       ||     2
       Paralysed         |       |       |       |       |     1 |       |       |       ||     1
       Distracted        |       |       |       |       |       |     1 |       |       ||     1
Armor: Robe              |     6 |     3 |    24 |    84 |    97 |   125 |    87 |    82 ||   508
Dodge: Dodged            |    23 |    18 |    52 |   156 |   304 |   279 |   178 |   205 ||  1215
       Deflected         |       |       |       |       |       |       |    16 |    13 ||    29
Block: Other             |       |     1 |     5 |    18 |    23 |    11 |       |       ||    58
       Reflection        |       |       |       |     1 |       |     2 |    41 |    15 ||    59
       Buckler           |       |       |       |       |       |    60 |   143 |   186 ||   389
